 Dungeon Crawl Stone Soup version 0.28-a0-1387-g3a22ab9bdc (webtiles) character file.

Game seed: 2138108066982697672

56 strifetoe the Chopper (level 3, 0/38 (39) HPs)
             Began as an Ogre Berserker on Jan 2, 2022.
             Was a Believer of Trog.
             Succumbed to Crazy Yiuf's poison
             ... on level 2 of the Dungeon.
             The game lasted 00:01:36 (1964 turns).

strifetoe the Chopper (Ogre Berserker)              Turns: 1964, Time: 00:01:37

HP:   0/38 (39)     AC:  4    Str: 23    XL:     3   Next: 95%
MP:   3/3           EV: 10    Int:  8    God:    Trog [**....]
Gold: 64            SH:  0    Dex:  8    Spells: 2/2 levels left

rFire   . . .      SeeInvis .   a - +0 hand axe
rCold   . . .      Faith    .   (no shield)
rNeg    . . .      Spirit   .   b - +0 animal skin
rPois   .          Reflect  .   h - +1 hat
rElec   .          Harm     .   (no cloak)
rCorr   .          Rampage  .   (gloves unavailable)
Will    .....                   (boots unavailable)
Stlth   +.........              (no amulet)
HPRegen 0.12/turn               (no ring)
MPRegen 0.08/turn               (no ring)

@: lethally poisoned (0 -> -10), lightly drained
A: large, unfitting armour, tough skin 1
a: Renounce Religion, Berserk, Trog's Hand


You were on level 2 of the Dungeon.
You worshipped Trog.
Trog was pleased with you.
You visited 1 branch of the dungeon, and saw 2 of its levels.

You collected 64 gold pieces.

Inventory:

Hand Weapons
 a - a +0 hand axe (weapon)
Armour
 b - a +0 animal skin (worn)
 h - a +1 hat (worn)
Scrolls
 c - a scroll of summoning {unknown}
 d - 2 scrolls of identify {unknown}
 e - a scroll of amnesia {unknown}
 f - a scroll of vulnerability {unknown}
 g - a scroll of teleportation {unknown}


   Skills:
 - Level 4.0 Fighting
 + Level 4.7 Axes
 - Level 2.6 Dodging


You had 2 spell levels left.
You didn't know any spells.
Your spell library was empty.

Dungeon Overview and Level Annotations

Branches:
Dungeon (2/15)

Altars:
Gozag

Shops:
D:1 (

Annotations:
D:2 Crazy Yiuf


Innate Abilities, Weirdness & Mutations

You are too large for most types of armour.
You have tough skin. (AC +1)


Message History

There's nothing to open nearby.
There's nothing to open nearby.
Found a mace.
Found a runed translucent door.
Crazy Yiuf shouts!
Found a stone staircase leading down.
Found two stone staircases leading up.
There is a stone staircase leading up here.
There is a stone staircase leading up here.
There is a stone staircase leading down here.
There is a stone staircase leading up here.
There is a stone staircase leading up here.
There is a stone staircase leading up here.
Key pressed, stopping explore.
No target in view!
There's nothing to open nearby.
There's nothing to open nearby.
No target in view!
Crazy Yiuf yells, "Line!
Goldfish tea cower."
You open the door.
Crazy Yiuf cries, "Trifle!
You Hive wrapper."
You barely miss Crazy Yiuf.
Crazy Yiuf waves his quarterstaff at you.
Crazy Yiuf hits you with a +2 quarterstaff of chaos.
Crazy Yiuf burns you.
You closely miss Crazy Yiuf.
Crazy Yiuf hits you with a +2 quarterstaff of chaos!
You are poisoned.
You hit Crazy Yiuf.
Crazy Yiuf is lightly wounded.
You feel very sick.
Crazy Yiuf hits you with a +2 quarterstaff of chaos.
You feel drained.
You hit Crazy Yiuf.
Crazy Yiuf is heavily wounded.
You feel very sick.
Crazy Yiuf hits you with a +2 quarterstaff of chaos!
* * * LOW HITPOINT WARNING * * *
You barely miss Crazy Yiuf.
Crazy Yiuf is heavily wounded.
You die...

...........####.^#####.........##
.......#..## #....# #.........##
.......##..# ♣....♣ #.........#.
........##.# ♣...♣♣ #...........
...........# ♣♣.♣♣ #........###
...........# ♣.♣♣ #..........#
...).......# ♣♣.♣ #.......##..
.##.......## ♣.♣♣ #...........
##........## ♣♣@♣ #.......##..
..)........# #g# ##.#.######.
.##......### ... #..#.# ##
.##......# #...# #.##.#
.##......# #..)# ####.#
###......### ##### #.#
###........# #.#
#........############## #.#
#..########...........###.#


You could see Crazy Yiuf.

Vanquished Creatures
  2 dart slugs
  2 bats (D:1)
  2 endoplasms
  2 giant cockroaches
  5 hobgoblins
  7 jackals
  9 kobolds
  A quokka (D:1)
  4 ball pythons
  7 goblins
  6 rats
47 creatures vanquished.

Notes
Turn   | Place    | Note
-------+----------+-------------------------------------------
     0 | D:1      | strifetoe the Ogre Berserker began the quest for the Orb.
     0 | D:1      | Reached XP level 1. HP: 24/24 MP: 1/1
    80 | D:1      | Found a faded altar of an unknown god.
   116 | D:1      | Found Ricoar's Weapon Boutique.
   120 | D:1      | Reached XP level 2. HP: 27/32 MP: 2/2
   728 | D:1      | Reached XP level 3. HP: 33/39 MP: 3/3
  1091 | D:2      | Found an opulent altar of Gozag.
  1275 | D:2      | Reached ** piety under Trog
  1786 | D:2      | Found a runed translucent door.
  1787 | D:2      | Noticed Crazy Yiuf
  1964 | D:2      | Succumbed to Crazy Yiuf's poison

Illustrated notes

Levels and vault maps discovered:
D:1:      elethiomel_arrival_shortcut, layout_loops_cross, serial_shops,
          nicolae_shop_bloodbath_and_beyond,
          hellmonk_ecumenical_altar_pennies_from_heaven
D:2:      layout_rooms, basic_altar, uniq_crazy_yiuf_cottage

Skill      XL: |  1  2 |
---------------+-------+-----
Axes           | 4 |  4.7
Fighting       | |  4.0
Dodging        | |  2.6

Action                   || total
-------------------------++-------
Melee: Hand axe          ||   129
Armor: Animal skin       ||    34
Dodge: Dodged            ||    95

Table legend: (Time is in decaauts)
 A = Elapsed time spent in this place.
 B = Non-inter-level travel time spent in this place.
 C = Inter-level travel time spent in this place.
 D = Time resting spent in this place.
 E = Time spent auto-exploring this place.
 F = Levels seen in this place.
 G = Mean time per level.
                   A        B        C        D        E       F      G
               +--------+--------+--------+--------+--------+-----+--------+
         Total |   1978 |   1945 |     33 |    241 |   1425 |   2 |  989.0 |
       Dungeon |   1978 |   1945 |     33 |    241 |   1425 |   2 |  989.0 |
               +--------+--------+--------+--------+--------+-----+--------+

Top non-repeatable levels by time:
     D:1: 1099 daAuts
     D:2: 879 daAuts
